[Event "Titled Tuesday Blitz November 07 Late 2023"]
[White "Willy, Stephen"]
[Black "Shuvalova, Polina"]
[WhiteFideId "30981468"]
[BlackFideId "24171760"]
[WhiteElo "2492"]
[BlackElo "2634"]
[Result "1/2-1/2"]
[Round "9"]
[TimeControl "180+1"]
[Date "2023.11.07"]
[WhiteClock "0:00:03"]
[BlackClock "0:00:04"]
[Board "45"]

1. e4 c6 2. d4 d5 3. e5 Bf5 4. Nf3 e6 5. Be2 Ne7 6. O-O Ng6 7. Nbd2 f6 8. exf6 Qxf6 9. Re1 Bd6 10. Nf1 O-O 11. Ng3 Be4 12. Be3 Nd7 13. Nxe4 dxe4 14. Ng5 Bf4 15. Nxe4 Qf5 16. Ng3 Qf7 17. Qd2 Rae8 18. Bd3 Bxe3 19. fxe3 Kh8 20. Rf1 Qe7 21. Qe2 Qg5 22. Ne4 Qh4 23. Nd6 Rb8 24. Bc4 Qe7 25. Ne4 e5 26. Qg4 exd4 27. exd4 Rbe8 28. Rxf8+ Ndxf8 29. Bd3 Qe6 30. Qxe6 Nxe6 31. Nd6 Re7 32. c3 Ngf4 33. Bc4 Rd7 34. Ne4 b5 35. Bb3 Nd5 36. Rf1 Kg8 37. a4 b4 38. cxb4 Nxd4 39. Bc4 h5 40. b5 Kh7 41. bxc6 Nxc6 42. Nc5 Rd6 43. Bd3+ Kh6 44. h4 Ne3 45. Re1 Ng4 46. Re6+ Rxe6 47. Nxe6 Nb4 48. Be4 Nf6 49. Bb7 a5 50. Ng5 Kg6 51. Bf3 Kf5 52. Kf2 Ke5 53. Ke3 Nc2+ 54. Kd2 Nd4 55. Bd1 Kf4 56. Kc3 Nc6 57. Ne6+ Kg3 58. Nxg7 Kxg2 59. Nxh5 Ne4+ 60. Kc4 Nf2 61. Bc2 Kh3 62. Kb5 Nd4+ 63. Kxa5 Nxc2 64. Nf4+ Kxh4 65. Nd5 Kg5 66. b4 Kf5 67. b5 Ke5 68. Nc7 Kd6 69. Kb6 Ne4 70. a5 Nc5 71. Ne8+ Kd5 72. Nf6+ Kc4 73. a6 Na4+ 74. Ka5 Kb3 75. a7 Na3 76. a8=Q Nc4+ 77. Ka6 Nc5+ 78. Ka7 Kb4 79. Qd5 Na5 80. Ne4 Nc4 81. Qxc5+ Kb3 82. Qd4 Na3 83. b6 Nb5+ 84. Kb7 Nxd4 85. Kc7 Nb5+ 86. Kc6 Nd4+ 87. Kc5 Ne6+ 88. Kd6 Nd8 89. Nc5+ Kb4 90. Nd7 Kb5 91. Kc7 Ne6+ 92. Kc8 Nc5 93. Nxc5 Kxb6 1/2-1/2


[Site "https://www.chess.com"]

[Event "Titled Tuesday Blitz November 07 Late 2023"]
[White "Adla, Diego"]
[Black "victormago"]
[WhiteFideId "100072"]
[WhiteElo "2628"]
[BlackElo "2481"]
[Result "1-0"]
[Round "9"]
[TimeControl "180+1"]
[Date "2023.11.07"]
[WhiteClock "0:00:23"]
[BlackClock "0:00:11"]
[Board "46"]

1. e4 c5 2. Nf3 d6 3. d4 cxd4 4. Nxd4 Nf6 5. Nc3 a6 6. Bc4 e6 7. a4 Qc7 8. Qe2 Nc6 9. Be3 Be7 10. O-O O-O 11. f4 Bd7 12. Kh1 Rac8 13. Bd3 Rfe8 14. Nxc6 Bxc6 15. a5 e5 16. Bb6 Qb8 17. Rad1 exf4 18. Rxf4 d5 19. e5 Bd6 20. Rxf6 Rxe5 21. Qg4 h5 22. Qxc8+ Qxc8 23. Rxd6 Re8 24. Nxd5 Bxd5 25. Rxd5 Qe6 26. Rxh5 g6 27. Rh3 Rd8 28. Re3 Qa2 29. Bxd8 Qxb2 30. Rde1 1-0


[Site "https://www.chess.com"]

[Event "Titled Tuesday Blitz November 07 Late 2023"]
[White "Kazakov, Mikhail"]
[Black "aghasiyevkamal"]
[WhiteFideId "14102749"]
[WhiteElo "2457"]
[BlackElo "2610"]
[Result "0-1"]
[Round "9"]
[TimeControl "180+1"]
[Date "2023.11.07"]
[WhiteClock "0:00:10"]
[BlackClock "0:00:04"]
[Board "47"]

1. d4 d5 2. c4 e6 3. Nc3 Nf6 4. Nf3 Be7 5. Bg5 Nbd7 6. e3 h6 7. Bh4 O-O 8. Qc2 c5 9. Rd1 Qa5 10. cxd5 Nxd5 11. Bxe7 Nxe7 12. Be2 b6 13. O-O Ba6 14. a3 Bxe2 15. Qxe2 Nf6 16. Qb5 Qxb5 17. Nxb5 a6 18. Nd6 cxd4 19. Rxd4 b5 20. Rc1 Rad8 21. g3 Ned5 22. Nb7 Rc8 23. Rdd1 Ne4 24. Ne5 f6 25. Nd7 Rfe8 26. Ndc5 Nxc5 27. Nxc5 Rc6 28. e4 Ne7 29. b4 a5 30. Rd7 axb4 31. axb4 Ng6 32. Ra1 Ne5 33. Rb7 Rf8 34. Rxb5 Rf7 35. Ra8+ Kh7 36. f4 Nc4 37. Kf2 Nd6 38. Rbb8 f5 39. e5 Ne4+ 40. Nxe4 fxe4 41. Ke3 Rd7 42. Rd8 Rdc7 43. Kxe4 Rc4+ 44. Rd4 Rc2 45. b5 Re2+ 46. Kf3 Rb2 47. Rb8 Rc3+ 48. Kg4 Rxh2 49. Rb7 Kg6 50. f5+ exf5+ 51. Kf4 Rf2# 0-1


[Site "https://www.chess.com"]

[Event "Titled Tuesday Blitz November 07 Late 2023"]
[White "FuenfgegenWilly"]
[Black "Ozates, Tuna"]
[BlackFideId "6354521"]
[WhiteElo "2447"]
[BlackElo "2580"]
[Result "1-0"]
[Round "9"]
[TimeControl "180+1"]
[Date "2023.11.07"]
[WhiteClock "0:00:12"]
[BlackClock "0:00:01"]
[Board "48"]

1. e4 c5 2. Nc3 g6 3. f4 Bg7 4. Nf3 Nc6 5. Bb5 Nd4 6. O-O e6 7. Bd3 Ne7 8. Nxd4 cxd4 9. Ne2 d6 10. c3 dxc3 11. dxc3 O-O 12. Ng3 b5 13. f5 exf5 14. exf5 f6 15. Be3 Bb7 16. Bxb5 Kh8 17. Bd3 Nd5 18. Bd4 g5 19. Kh1 Nf4 20. Rxf4 gxf4 21. Nh5 f3 22. gxf3 Qe8 23. Ng3 Bh6 24. Ne4 Bxe4 25. Bxe4 Rd8 26. Bd5 Bf4 27. Bxa7 Qh5 28. Qc2 Rd7 29. Bd4 Rg7 30. Rg1 Rxg1+ 31. Kxg1 Bg5 32. Qe4 Re8 33. Be6 Qh6 34. Qc6 Qh5 35. Kg2 Bh4 36. Qe4 Qg5+ 37. Qg4 Qd2+ 38. Kh3 Bg5 39. f4 Qd3+ 40. Qg3 Qf1+ 41. Kg4 Qe2+ 42. Qf3 Qxh2 43. fxg5 h5+ 44. gxh6 Kh7 45. Qg3 Qe2+ 46. Kf4 Qd2+ 47. Kf3 Qd1+ 48. Kf2 Qd2+ 49. Kg1 Qd1+ 50. Kh2 Qh5+ 51. Kg1 Qd1+ 52. Kg2 Qe2+ 53. Qf2 Qg4+ 54. Kf1 Qd1+ 55. Qe1 Qf3+ 56. Bf2 Qh1+ 57. Ke2 Qe4+ 58. Kd2 Qf4+ 59. Be3 Qh2+ 60. Qf2 Qe5 61. Qg1 Rxe6 62. Qg6+ Kh8 63. Qg7# 1-0


[Site "https://www.chess.com"]

[Event "Titled Tuesday Blitz November 07 Late 2023"]
[White "Rangel, Daniel"]
[Black "Arnold, Ken"]
[WhiteFideId "2124475"]
[BlackFideId "2056836"]
[WhiteElo "2524"]
[BlackElo "2436"]
[Result "1/2-1/2"]
[Round "9"]
[TimeControl "180+1"]
[Date "2023.11.07"]
[WhiteClock "0:00:10"]
[BlackClock "0:00:30"]
[Board "49"]

1. c4 Nf6 2. g3 e5 3. Bg2 Nc6 4. Nc3 Bc5 5. e3 O-O 6. Nge2 Re8 7. O-O d6 8. b3 a5 9. Bb2 Bg4 10. h3 Bd7 11. Nd5 Nxd5 12. cxd5 Nb4 13. d4 exd4 14. Nxd4 Bxd4 15. Qxd4 f6 16. Rfc1 Qc8 17. h4 Na6 18. h5 h6 19. Qf4 Bf5 20. Bd4 Qd7 21. Rc3 b6 22. e4 Bh7 23. Rac1 Nc5 24. f3 Qf7 25. a3 Re7 26. g4 Rae8 27. Bf1 Kh8 28. Bg2 a4 29. Bxc5 bxc5 30. bxa4 Ra8 31. Rc4 Ree8 32. Rb1 Ra7 33. Qc1 Rea8 34. Qc2 Qd7 35. Rb5 Bg8 36. Qb3 Bf7 37. Rb8+ Kh7 38. Rxa8 Rxa8 39. Kh2 Be8 40. Qc2 Rxa4 41. e5+ Kh8 42. e6 Qb5 43. Rxa4 Qxa4 44. Qc3 Qf4+ 45. Kg1 Kg8 46. Kf2 Kf8 47. Qe3 Qa4 48. f4 Qd4 49. Qxd4 cxd4 50. f5 Ke7 51. Ke2 Kd8 52. Kd3 Kc8 53. Kxd4 Kb7 54. Be4 Kb6 55. Bd3 Ka5 56. Kc3 Ka4 57. Kb2 c5 58. dxc6 Bxc6 59. Bc2+ Ka5 60. Kc3 Kb5 61. Bb3 Kc5 62. a4 d5 63. Kd2 Kd6 64. Ke3 Ke5 65. Bd1 d4+ 66. Kd2 Kd6 67. a5 Kc5 68. Bb3 Kb5 69. e7 Be8 70. Bc4+ Kxa5 71. Kd3 Kb6 72. Kxd4 Kc7 73. Kd5 Kd7 74. Bb5+ Kxe7 75. Bxe8 Kxe8 76. Ke6 Kf8 77. Kd7 Kf7 78. Kd8 Kf8 79. Kd7 Kf7 80. Kd6 Kf8 81. Ke6 Ke8 82. Kd6 Kd8 83. Kc6 Ke8 84. Kc5 Ke7 85. Kc6 Ke8 86. Kc7 Ke7 87. Kc8 Ke8 88. Kc7 Ke7 89. Kc6 Ke8 1/2-1/2


[Site "https://www.chess.com"]

[Event "Titled Tuesday Blitz November 07 Late 2023"]
[White "Silva Lucena, Cristian"]
[Black "Ramadoss, Ashokkumar"]
[WhiteFideId "2232588"]
[BlackFideId "5040990"]
[WhiteElo "2516"]
[BlackElo "2354"]
[Result "1-0"]
[Round "9"]
[TimeControl "180+1"]
[Date "2023.11.07"]
[WhiteClock "0:00:37"]
[BlackClock "0:00:00"]
[Board "50"]

1. e4 e6 2. d4 d5 3. e5 c5 4. c3 Qb6 5. Nf3 Nc6 6. a3 Bd7 7. b4 cxd4 8. cxd4 Rc8 9. Bb2 Na5 10. Nbd2 Nc4 11. Nxc4 dxc4 12. Rc1 Qa6 13. d5 exd5 14. Qxd5 Be6 15. Qe4 Ne7 16. Be2 b5 17. O-O Qc6 18. Qe3 Nf5 19. Qf4 h6 20. Nd4 Nxd4 21. Qxd4 a6 22. f4 g6 23. Bf3 Qc7 24. Rfd1 a5 25. Bc3 axb4 26. axb4 Be7 27. Ra1 Rd8 28. Qe3 Rxd1+ 29. Bxd1 O-O 30. Ra7 Qd8 31. Bf3 Re8 32. Kf2 Bf8 33. g3 Bd5 34. Be2 Qc8 35. Qd4 Be6 36. Bf3 Rd8 37. Qb6 Rd3 38. Be1 c3 39. Rc7 Qd8 40. Be2 Bxb4 41. Bxd3 Qxd3 42. Qe3 Qc2+ 43. Qe2 Qb3 44. Qd3 Bc4 45. Qd8+ Bf8 46. Rc8 Qc2+ 47. Kg1 1-0


[Site "https://www.chess.com"]

[Event "Titled Tuesday Blitz November 07 Late 2023"]
[White "Kujawski, Adam"]
[Black "Pinto, Daniel"]
[WhiteFideId "1100920"]
[BlackFideId "3303144"]
[WhiteElo "2394"]
[BlackElo "2511"]
[Result "1-0"]
[Round "9"]
[TimeControl "180+1"]
[Date "2023.11.07"]
[WhiteClock "0:00:09"]
[BlackClock "0:00:00"]
[Board "51"]

1. e4 e5 2. Nf3 Nc6 3. Bb5 Nf6 4. O-O Nxe4 5. d4 Nd6 6. Bg5 Be7 7. Bxc6 dxc6 8. dxe5 Nf5 9. Qxd8+ Bxd8 10. Bxd8 Kxd8 11. Rd1+ Ke7 12. g4 Nh6 13. h3 Be6 14. Nc3 Rad8 15. Nd4 a6 16. f4 c5 17. Nxe6 fxe6 18. Ne4 b6 19. Kf2 Nf7 20. Ke3 h6 21. h4 c4 22. h5 Rd5 23. Nc3 Rxd1 24. Rxd1 Rg8 25. Ne4 g5 26. Rd7+ Kxd7 27. Nf6+ Kc6 28. Nxg8 gxf4+ 29. Kxf4 c3 30. bxc3 Kd5 31. Nxh6 Nxh6 32. g5 Nf5 33. g6 Kc6 34. Kg5 Kd7 35. h6 1-0


[Site "https://www.chess.com"]

[Event "Titled Tuesday Blitz November 07 Late 2023"]
[White "Musovic, Armin"]
[Black "Chigaev, Maksim"]
[WhiteFideId "939935"]
[BlackFideId "4108116"]
[WhiteElo "2498"]
[BlackElo "2872"]
[Result "0-1"]
[Round "9"]
[TimeControl "180+1"]
[Date "2023.11.07"]
[WhiteClock "0:00:03"]
[BlackClock "0:00:08"]
[Board "52"]

1. a3 g6 2. Nc3 Bg7 3. e4 c5 4. Bc4 Nc6 5. d3 e6 6. Bf4 a6 7. Bd6 b6 8. Nge2 Nge7 9. O-O O-O 10. Qd2 Bb7 11. Rad1 Re8 12. h3 Nc8 13. Bh2 d6 14. Ba2 N8e7 15. f4 d5 16. f5 exf5 17. Nxd5 Nxd5 18. Bxd5 Qd7 19. c4 Ne7 20. Nc3 Nxd5 21. Nxd5 b5 22. Kh1 Rad8 23. Qg5 Bxd5 24. exd5 Bxb2 25. Bf4 bxc4 26. dxc4 Re4 27. Rde1 Rxc4 28. Re7 Qxd5 29. Ra7 Rc2 30. Bh2 h6 31. Qg3 Be5 32. Qf3 Bxh2 33. Qxd5 Rxd5 34. Kxh2 Rdd2 35. Rg1 Rd6 36. Ra8+ Kg7 37. Ra7 c4 38. Kh1 h5 39. Rc7 h4 40. Rc5 c3 41. a4 Rd4 42. a5 Ra4 43. Kh2 Rca2 44. Rxc3 Rxa5 45. Rc4 R2a4 46. Rc8 Re4 47. Kh1 Rae5 48. Kh2 Re7 49. Rcc1 Ra7 50. g3 hxg3+ 51. Rxg3 a5 52. Ra3 a4 53. h4 Kh6 54. Kg3 Kh5 55. Rc8 Rg4+ 56. Kf3 Kxh4 57. Rxa4 Rgxa4 58. Rh8+ Kg5 0-1


[Site "https://www.chess.com"]

[Event "Titled Tuesday Blitz November 07 Late 2023"]
[White "Mekhitarian, Krikor Sevag"]
[Black "Khater, Sherif"]
[WhiteFideId "2107660"]
[BlackFideId "2034280"]
[WhiteElo "2734"]
[BlackElo "2493"]
[Result "1-0"]
[Round "9"]
[TimeControl "180+1"]
[Date "2023.11.07"]
[WhiteClock "0:00:10"]
[BlackClock "0:00:03"]
[Board "53"]

1. Nf3 a6 2. e4 c6 3. d4 d5 4. Bd3 dxe4 5. Bxe4 Bg4 6. h3 Bxf3 7. Bxf3 e6 8. O-O Nf6 9. c4 Be7 10. Nc3 O-O 11. Be3 Nbd7 12. Qb3 Qc7 13. Rad1 Rab8 14. Qc2 Bd6 15. g3 Rbc8 16. Bg2 Rfe8 17. Rfe1 c5 18. d5 exd5 19. Nxd5 Nxd5 20. Rxd5 Nf6 21. Rd3 Be5 22. Red1 b5 23. b3 b4 24. Bf3 h6 25. Kg2 a5 26. Qc1 Bc3 27. Rd6 Re6 28. Rxe6 fxe6 29. Qc2 Kf7 30. Qd3 Qe7 31. h4 Qe8 32. g4 Kg8 33. g5 hxg5 34. hxg5 Nh5 35. Qe4 g6 36. Rd6 Ng7 37. Bg4 Nf5 38. Rxe6 Qf7 39. Rxg6+ Qxg6 40. Bxf5 Qc6 41. Qxc6 Rxc6 42. Be4 Rd6 43. Bd5+ Kg7 44. Kf3 Bd4 45. Bxd4+ cxd4 46. Ke4 Rg6 47. f4 a4 48. c5 a3 49. c6 d3 50. Kxd3 Rd6 51. Ke4 Rd8 52. Ke5 Kf8 53. Be6 Rd1 54. c7 Rc1 55. c8=Q+ Rxc8 56. Bxc8 1-0


[Site "https://www.chess.com"]

[Event "Titled Tuesday Blitz November 07 Late 2023"]
[White "bettercallcafu"]
[Black "Cristi_Coca"]
[WhiteElo "2717"]
[BlackElo "2484"]
[Result "0-1"]
[Round "9"]
[TimeControl "180+1"]
[Date "2023.11.07"]
[WhiteClock "0:00:20"]
[BlackClock "0:00:31"]
[Board "54"]

1. d4 Nf6 2. Nc3 g6 3. e4 d6 4. Nf3 Bg7 5. Rg1 O-O 6. Bc4 c5 7. dxc5 dxc5 8. Qxd8 Rxd8 9. Be3 Nc6 10. Bxc5 b6 11. Ba3 Bg4 12. Bb5 Rac8 13. Bxc6 Rxc6 14. Ne5 Re6 15. Nxg4 Nxg4 16. f3 Ne3 17. Rc1 Bxc3+ 18. bxc3 Nc4 19. Bb4 a5 20. Bxe7 Rxe7 21. Rd1 Red7 22. Rxd7 Rxd7 23. Rf1 Rd2 24. Rf2 Rxf2 25. Kxf2 b5 26. Ke2 Kf8 27. Kd3 Ke7 28. Kd4 Kd6 29. a4 Kc6 30. f4 Nb2 31. axb5+ Kxb5 32. g4 Nc4 33. e5 a4 34. f5 a3 35. e6 fxe6 36. f6 Nd6 37. c4+ Kc6 38. c5 Nf7 39. Kc3 Kxc5 40. Kb3 e5 41. Kxa3 Kc4 42. Kb2 g5 43. Kc1 Kd5 44. Kd2 Ke6 45. Ke3 Kxf6 46. c4 Ke6 47. Kd3 Nh6 48. h3 Ng8 49. c5 Nf6 50. c6 Kd6 0-1


[Site "https://www.chess.com"]

[Event "Titled Tuesday Blitz November 07 Late 2023"]
[White "Hajiyev, Kanan"]
[Black "Rosen, Eric"]
[WhiteFideId "13404148"]
[BlackFideId "2032562"]
[WhiteElo "2483"]
[BlackElo "2713"]
[Result "0-1"]
[Round "9"]
[TimeControl "180+1"]
[Date "2023.11.07"]
[WhiteClock "0:00:57"]
[BlackClock "0:01:53"]
[Board "55"]

1. d4 d5 2. Nf3 Nf6 3. c4 e6 4. cxd5 exd5 5. Nc3 c6 6. Qc2 Bd6 7. Bg5 O-O 8. e3 Re8 9. Bd3 h6 10. Bh4 Be6 11. Ne5 c5 12. O-O Nc6 13. Nxc6 bxc6 14. dxc5 Bxh2+ 15. Kxh2 Ng4+ 16. Kg3 g5 17. Bf5 gxh4+ 18. Kh3 Qg5 19. Bxe6 Rxe6 20. Ne2 Rxe3+ 21. fxe3 Nxe3 22. Rf5 Qg4+ 0-1


[Site "https://www.chess.com"]

[Event "Titled Tuesday Blitz November 07 Late 2023"]
[White "Tokhirjonova, Gulrukhbegim"]
[Black "Meduri, Aakaash"]
[WhiteFideId "14203626"]
[BlackFideId "2032252"]
[WhiteElo "2631"]
[BlackElo "2470"]
[Result "1-0"]
[Round "9"]
[TimeControl "180+1"]
[Date "2023.11.07"]
[WhiteClock "0:00:18"]
[BlackClock "0:00:03"]
[Board "56"]

1. e4 c5 2. Nf3 d6 3. Nc3 Nf6 4. d4 cxd4 5. Nxd4 Nc6 6. Nxc6 bxc6 7. Bd3 g6 8. O-O Bg7 9. h3 O-O 10. Be3 a5 11. f4 d5 12. e5 Nd7 13. Qf3 e6 14. Na4 Qe7 15. c4 Qb4 16. b3 Ba6 17. Rac1 Rac8 18. Rfd1 Rfd8 19. Bd2 Qb7 20. Bxa5 Qa7+ 21. Kh1 Re8 22. Be1 f6 23. Bf2 Qb8 24. cxd5 Bxd3 25. Qxd3 exd5 26. exf6 Nxf6 27. Nc5 Qxf4 28. Bg3 Qg5 29. Re1 Nh5 30. Bh2 Nf4 31. Qf3 Nh5 32. Rcd1 Rxe1+ 33. Rxe1 Rf8 34. Qe2 Qf5 35. g4 Qg5 36. gxh5 gxh5 37. Ne6 Qe7 38. Nxf8 Qxf8 39. Qe6+ Kh8 40. Qe8 d4 41. Qxf8+ Bxf8 42. Be5+ Bg7 43. Bxg7+ Kxg7 44. Rd1 c5 45. Rc1 Kf6 46. Rxc5 Ke6 47. Kg2 d3 48. Kf2 h4 49. Ke3 1-0


[Site "https://www.chess.com"]

[Event "Titled Tuesday Blitz November 07 Late 2023"]
[White "Pinheiro, Iung Alicio de O."]
[Black "Akhayan, Ruben"]
[WhiteFideId "2104350"]
[BlackFideId "204439"]
[WhiteElo "2589"]
[BlackElo "2453"]
[Result "1-0"]
[Round "9"]
[TimeControl "180+1"]
[Date "2023.11.07"]
[WhiteClock "0:00:16"]
[BlackClock "0:00:12"]
[Board "57"]

1. c4 Nf6 2. g3 g6 3. Bg2 Bg7 4. Nc3 c6 5. e4 d5 6. cxd5 cxd5 7. e5 Nfd7 8. d4 e6 9. Nf3 Nc6 10. h4 h6 11. h5 g5 12. Nh2 Qb6 13. Ne2 Qb4+ 14. Bd2 Qxb2 15. Rb1 Qxa2 16. O-O O-O 17. Ng4 Qc4 18. Be3 f5 19. exf6 Nxf6 20. Nxf6+ Bxf6 21. Qd2 Bd7 22. Rxb7 Rad8 23. Rc1 Qa6 24. Rc7 Qb6 25. Rxd7 Rxd7 26. Bh3 Re7 27. Qd3 Nd8 28. f4 gxf4 29. Nxf4 Bg5 30. Kg2 Bxf4 31. Bxf4 Qb2+ 32. Rc2 Qb1 33. Qe2 Rg7 34. Kh2 Rxf4 35. Bxe6+ Kh8 36. Rc8 Qb6 37. gxf4 Qd6 38. Qe5 Qxe5 39. fxe5 1-0


[Site "https://www.chess.com"]

[Event "Titled Tuesday Blitz November 07 Late 2023"]
[White "Gimenez Aguirre, Alejo Ismael"]
[Black "Kovalevsky, Stanislav"]
[WhiteFideId "32041667"]
[BlackFideId "13508598"]
[WhiteElo "2573"]
[BlackElo "2452"]
[Result "1-0"]
[Round "9"]
[TimeControl "180+1"]
[Date "2023.11.07"]
[WhiteClock "0:00:13"]
[BlackClock "0:00:06"]
[Board "58"]

1. e4 c6 2. d4 d5 3. e5 c5 4. c3 Nc6 5. Nf3 Bg4 6. Be2 Bxf3 7. Bxf3 cxd4 8. cxd4 e6 9. O-O Qb6 10. Be3 Nge7 11. Nc3 Nf5 12. Ne2 h5 13. Qa4 Be7 14. Rac1 g5 15. Nc3 Nxd4 16. Bxd5 Qb4 17. Bxd4 Qxa4 18. Nxa4 exd5 19. Bc3 d4 20. Bd2 O-O-O 21. Rfe1 Rd5 22. e6 f6 23. b3 Rhd8 24. Nb2 Kb8 25. Nd3 Ne5 26. Nxe5 Rxe5 27. f4 Rxe1+ 28. Rxe1 Kc7 29. Rc1+ Kb6 30. Kf2 Rd6 31. Re1 Rc6 32. Ke2 Rc2 33. Kd3 Rxa2 34. fxg5 fxg5 35. Rf1 Kc6 36. Rf7 Bd6 37. h3 g4 38. hxg4 hxg4 39. Rg7 a6 40. Rxg4 Ra1 41. Rxd4 Rg1 42. Rc4+ Kd5 43. Re4 Rxg2 44. Bc3 Rg3+ 45. Re3 Rf3 46. Rxf3 Kxe6 47. Rf6+ Kd5 48. Rg6 Kc6 49. Bb4 Kb5 50. Bxd6 b6 51. Ba3 Ka5 52. Rg5+ b5 53. Kc3 Kb6 54. Bc5+ Ka5 55. b4+ Ka4 56. Rg1 a5 57. Ra1# 1-0


[Site "https://www.chess.com"]

[Event "Titled Tuesday Blitz November 07 Late 2023"]
[White "Toncheva, Nadya"]
[Black "Estrada Nieto, Julian"]
[WhiteFideId "2924056"]
[BlackFideId "5101018"]
[WhiteElo "2555"]
[BlackElo "2441"]
[Result "0-1"]
[Round "9"]
[TimeControl "180+1"]
[Date "2023.11.07"]
[WhiteClock "0:00:14"]
[BlackClock "0:01:45"]
[Board "59"]

1. e4 e5 2. Nf3 Nc6 3. Bb5 a6 4. Ba4 Nf6 5. O-O Be7 6. Re1 b5 7. Bb3 d6 8. c3 O-O 9. h3 Bb7 10. d4 Re8 11. Nbd2 h6 12. Bc2 Bf8 13. Nf1 exd4 14. cxd4 Nb4 15. Ng3 Nxc2 16. Qxc2 Qd7 17. Bf4 Nxe4 18. Nxe4 Qf5 19. Nfd2 Qxf4 20. Qxc7 Bxe4 21. Re3 Bd5 22. Rae1 Rxe3 23. Rxe3 Qxd4 24. Nf1 Qxb2 25. Rg3 Qa1 0-1


[Site "https://www.chess.com"]

[Event "Titled Tuesday Blitz November 07 Late 2023"]
[White "a-z30"]
[Black "Inepton_Fermion"]
[WhiteElo "2535"]
[BlackElo "2420"]
[Result "1-0"]
[Round "9"]
[TimeControl "180+1"]
[Date "2023.11.07"]
[WhiteClock "0:00:42"]
[BlackClock "0:00:00"]
[Board "60"]

1. d3 e5 2. Nf3 Nc6 3. g3 g6 4. Bg2 Bg7 5. O-O d6 6. c4 Nge7 7. Nc3 O-O 8. Rb1 Bg4 9. b4 Qd7 10. b5 Nd4 11. Nxd4 exd4 12. Nd5 Nxd5 13. Bxd5 c6 14. bxc6 bxc6 15. Bf3 Bxf3 16. exf3 Qf5 17. Bf4 d5 18. c5 g5 19. Bd6 Rfe8 20. g4 Qg6 21. Rb7 Re6 22. Kg2 h5 23. h3 Rae8 24. Rxa7 Re2 25. a4 Ra2 26. gxh5 Qxh5 27. Re1 Rxe1 28. Qxe1 f6 29. Qe7 Qg6 30. a5 1-0


[Site "https://www.chess.com"]

[Event "Titled Tuesday Blitz November 07 Late 2023"]
[White "D`Arruda, Ricardo D."]
[Black "Dwilewicz, Katarzyna"]
[WhiteFideId "100692"]
[BlackFideId "1148486"]
[WhiteElo "2517"]
[BlackElo "2367"]
[Result "0-1"]
[Round "9"]
[TimeControl "180+1"]
[Date "2023.11.07"]
[WhiteClock "0:00:35"]
[BlackClock "0:00:09"]
[Board "61"]

1. d4 d5 2. Nf3 c6 3. c4 Nf6 4. e3 g6 5. Nc3 Bg7 6. Bd3 O-O 7. O-O dxc4 8. Bxc4 b5 9. Bb3 a5 10. e4 b4 11. e5 bxc3 12. exf6 cxb2 13. Bxb2 Bxf6 14. Ne5 Bxe5 15. dxe5 c5 16. Qf3 Ra7 17. e6 f6 18. Rad1 Qb6 19. Rb1 Bxe6 20. Ba3 Bxb3 21. Rxb3 Qc7 22. Rc1 Nd7 23. Qd5+ Kg7 24. Bxc5 Nxc5 25. Rxc5 Rd8 26. Rxc7 Rxd5 27. Rc1 Rc7 28. Re1 e5 29. g3 Rc2 30. Ra3 f5 31. h4 h5 32. Ree3 e4 33. Re1 Kf6 34. Kg2 Rdd2 35. Rf1 Rxa2 36. Rxa2 Rxa2 37. Kg1 Ke5 38. Rb1 Rd2 39. Rb6 Rd6 40. Rb5+ Rd5 41. Rb6 a4 42. Rxg6 Ra5 43. Rb6 a3 44. Rb1 a2 45. Ra1 Kd4 46. Kf1 Kc3 47. Ke2 Kb2 0-1


[Site "https://www.chess.com"]

[Event "Titled Tuesday Blitz November 07 Late 2023"]
[White "Sepulveda Rojas, Jorge"]
[Black "Balla, Tamas-Kristof"]
[WhiteFideId "3404803"]
[BlackFideId "1208497"]
[WhiteElo "2511"]
[BlackElo "2371"]
[Result "0-1"]
[Round "9"]
[TimeControl "180+1"]
[Date "2023.11.07"]
[WhiteClock "0:00:04"]
[BlackClock "0:00:30"]
[Board "62"]

1. e4 c5 2. Nf3 Nc6 3. d4 cxd4 4. Nxd4 e5 5. Nb3 Nf6 6. Nc3 Bb4 7. Bd3 Bxc3+ 8. bxc3 h6 9. O-O d6 10. c4 O-O 11. h3 Be6 12. Ba3 a5 13. Rb1 a4 14. Nd2 Qc7 15. c5 d5 16. exd5 Bxd5 17. Nc4 Rad8 18. Nd6 Na5 19. Qe1 e4 20. Be2 Bxa2 21. Rb5 Nc6 22. Rxb7 Qa5 23. Qa1 Bd5 24. Rb5 Qa8 25. Bb2 Na7 26. Ra5 Ne8 27. Nxe8 Rfxe8 28. Bxg7 Re6 29. Bd4 Qb8 30. Rb1 Qc7 31. Rxa4 Nc6 32. Be3 Rg6 33. Bg4 Ne5 34. Be2 Nf3+ 35. Kf1 Qh2 36. Bxf3 exf3 37. gxf3 Bxf3 0-1


[Site "https://www.chess.com"]

[Event "Titled Tuesday Blitz November 07 Late 2023"]
[White "Marcziter, Dmitrii"]
[Black "Nilsen, Tobias Lang"]
[WhiteFideId "13900765"]
[BlackFideId "1521624"]
[WhiteElo "2358"]
[BlackElo "2509"]
[Result "0-1"]
[Round "9"]
[TimeControl "180+1"]
[Date "2023.11.07"]
[WhiteClock "0:00:11"]
[BlackClock "0:00:34"]
[Board "63"]

1. e4 e5 2. Nf3 Nc6 3. Bc4 Nf6 4. Ng5 d5 5. exd5 Na5 6. Bb5+ c6 7. dxc6 bxc6 8. Bd3 Nd5 9. Nf3 Bd6 10. O-O O-O 11. Re1 Re8 12. h3 Nf4 13. Bf1 Qf6 14. d3 Be6 15. Nc3 Qg6 16. Kh1 Bf5 17. Nh4 Qf6 18. Nxf5 Qxf5 19. Qf3 Qg6 20. a3 Ne6 21. Be3 Rac8 22. b4 Nb7 23. Ne4 Be7 24. Ng3 Nd6 25. Qg4 a6 26. Qxg6 hxg6 27. c4 f5 28. Bd2 Nd4 29. Ra2 Bf6 30. Bc3 Kf7 31. Ne2 c5 32. Bxd4 cxd4 33. Ng3 Bh4 34. Rc1 Bxg3 35. fxg3 e4 36. c5 Nb5 37. dxe4 fxe4 38. Bc4+ Kf6 39. Rf2+ Ke5 40. a4 Nc3 41. Bxa6 Nxa4 42. Bxc8 Rxc8 43. c6 d3 44. Ra2 Nb6 45. b5 e3 46. Ra3 d2 47. Rxe3+ Kd4 48. Ree1 dxe1=Q+ 49. Rxe1 Rc7 50. Re6 Kc5 51. Rxg6 Kxb5 52. g4 Kc5 53. h4 Nd5 54. h5 Nf4 55. h6 Nxg6 56. h7 Nh8 57. Kh2 Rxc6 58. Kg3 Rg6 59. Kf4 Kd5 60. Kf5 Kd6 61. g5 Ke7 62. g4 Kf7 63. Kf4 Ra6 64. Kf5 Ra5+ 65. Kf4 g6 66. Ke4 Kg7 67. Kf4 Kxh7 68. Kg3 Nf7 69. Kh4 Nxg5 70. Kg3 Nf7 71. Kf4 Kg7 72. g5 Nxg5 73. Kg4 Nf7 74. Kf4 Kf6 75. Kg4 Ra4+ 76. Kf3 Kf5 77. Ke2 Ra3 78. Kd2 Ke4 79. Kc2 Rd3 80. Kb2 Kd4 81. Kc2 Kc4 82. Kb2 Kb4 83. Kc2 Rd4 84. Kb2 Rd2+ 85. Kc1 Kc3 86. Kb1 Kb3 87. Kc1 Rd3 0-1


[Site "https://www.chess.com"]

[Event "Titled Tuesday Blitz November 07 Late 2023"]
[White "patzersame"]
[Black "Bilan, Danila"]
[BlackFideId "24161918"]
[WhiteElo "2358"]
[BlackElo "2507"]
[Result "0-1"]
[Round "9"]
[TimeControl "180+1"]
[Date "2023.11.07"]
[WhiteClock "0:00:42"]
[BlackClock "0:00:13"]
[Board "64"]

1. e4 c6 2. Nc3 d5 3. Nf3 Bg4 4. h3 Bxf3 5. Qxf3 e6 6. d4 dxe4 7. Nxe4 Nd7 8. Bd3 Ngf6 9. Bg5 Be7 10. O-O-O Nxe4 11. Bxe7 Qxe7 12. Qxe4 O-O-O 13. Rhe1 Nf6 14. Qh4 h6 15. c3 c5 16. dxc5 Qxc5 17. Qg3 Qg5+ 18. Qxg5 hxg5 19. b4 g4 20. hxg4 Nxg4 21. Be2 Nxf2 22. Rf1 Nxd1 23. Bxd1 Rd7 24. Kb2 Rf8 25. c4 Rd2+ 26. Kb3 Rxg2 27. c5 e5 28. a4 f5 29. b5 g6 30. a5 Rd8 31. a6 bxa6 32. bxa6 Kc7 33. Kc4 Rd4+ 34. Kb5 Rb2+ 35. Ka5 Rb1 36. c6 Rbxd1 37. Rf2 Rd5+ 38. Ka4 R1d4+ 39. Ka3 Kxc6 40. Rh2 g5 41. Rh6+ Rd6 42. Rh7 Kb6 43. Rb7+ Kxa6 44. Rh7 R4d5 45. Kb4 Rc6 46. Rg7 Rb5+ 47. Ka4 Rc4+ 48. Ka3 g4 49. Rf7 f4 50. Rf6+ Ka5 51. Rf7 a6 52. Rg7 g3 53. Rg6 Rc3+ 54. Ka2 Rf3 55. Ka1 Rd5 56. Kb2 Rd2+ 57. Kc1 Rh2 58. Rxg3 Rxg3 59. Kb1 Rg1# 0-1


[Site "https://www.chess.com"]

[Event "Titled Tuesday Blitz November 07 Late 2023"]
[White "Czerw, Dawid"]
[Black "Mesa Cruz, Juan Carlos"]
[WhiteFideId "1145746"]
[BlackFideId "6423400"]
[WhiteElo "2505"]
[BlackElo "2318"]
[Result "1-0"]
[Round "9"]
[TimeControl "180+1"]
[Date "2023.11.07"]
[WhiteClock "0:01:28"]
[BlackClock "0:00:43"]
[Board "65"]

1. e4 c5 2. Nf3 d6 3. d4 cxd4 4. Nxd4 Nf6 5. Nc3 a6 6. h4 e5 7. Nb3 Be7 8. Be2 b5 9. f4 Nbd7 10. g4 Bb7 11. g5 Nxe4 12. Nd5 exf4 13. Bxf4 O-O 14. Bf3 Nec5 15. Qd2 Nxb3 16. axb3 Nc5 17. O-O-O Rc8 18. Kb1 Re8 19. h5 Bf8 20. h6 Ne4 21. Bxe4 Rxe4 22. hxg7 Bxg7 23. Qh2 Bxd5 24. Rxd5 Qc7 25. Qxh7+ Kf8 26. Qxe4 1-0


[Site "https://www.chess.com"]